 Dungeon Crawl Stone Soup version 0.22.1-2-g9c5b331 (webtiles) character file.

11306 colophon the Covert (level 12, -6/72 HPs)
             Began as a Kobold Enchanter on Dec 21, 2018.
             Was a High Priest of Okawaru.
             Mangled by a salamander
             ... wielding a +0 trident
              (14 damage)
             ... in a volcano.
             The game lasted 01:01:06 (12313 turns).

colophon the Covert (Kobold Enchanter)             Turns: 12313, Time: 01:01:07

Health: -6/72      AC: 11    Str:  5    XL:     12   Next: 6%
Magic:  14/29      EV: 24    Int: 17    God:    Okawaru [*****.]
Gold:   466        SH:  0    Dex: 20    Spells: 13/21 levels left

rFire    . . .     SeeInvis .   a - +2 dagger
rCold    . . .     Gourm    .   (shield restricted)
rNeg     . . .     Faith    .   b - +1 robe
rPois    .         Spirit   .   E - +0 helmet
rElec    .         Reflect  .   (no cloak)
rCorr    .         Harm     .   (no gloves)
MR       .....                  L - +0 pair of boots
Stlth    +++++.....             M - amulet of magic regeneration
HPRegen  0.22/turn              g - ring of magical power
MPRegen  0.46/turn              K - +6 ring of protection

@: very slightly contaminated
A: small, carnivore
a: Heroism, Finesse, Renounce Religion


You were in a volcano.
You worshipped Okawaru.
Okawaru was extremely pleased with you.
You were completely stuffed.

You visited 3 branches of the dungeon, and saw 11 of its levels.
You also visited: Volcano.

You collected 466 gold pieces.

Inventory:

Hand Weapons
 a - a +2 dagger (weapon)
Missiles
 y - 16 bolts
Armour
 b - a +1 robe (worn)
 E - a +0 helmet (worn)
 L - a +0 pair of boots (worn)
Jewellery
 g - a ring of magical power (left hand)
 i - an uncursed ring of flight
 D - an uncursed ring of poison resistance
 G - an uncursed ring of positive energy
 K - a +6 ring of protection (right hand)
 M - an amulet of magic regeneration (around neck)
Wands
 r - a wand of scattershot (4)
 J - a wand of polymorph (24)
Scrolls
 e - 2 scrolls of noise {unknown}
 j - 2 scrolls of identify
 n - a scroll of blinking {unknown}
 o - 2 scrolls of enchant armour
 p - a scroll of random uselessness {unknown}
 q - 4 scrolls of remove curse
 t - 4 scrolls of enchant weapon
 v - 3 scrolls of teleportation
 w - 4 scrolls of amnesia
 A - 2 scrolls of magic mapping
 C - a scroll of immolation {unknown}
 H - a scroll of fog {unknown}
Potions
 c - 9 potions of curing
 f - 2 potions of haste
 h - 2 potions of mutation
 k - a potion of might {unknown}
 l - 5 potions of lignification
 m - 2 potions of agility
 s - a potion of degeneration {unknown}
 x - a potion of magic {unknown}
 z - 2 potions of flight {unknown}
 B - 2 potions of brilliance {unknown}
Comestibles
 d - 19 rations
 u - 5 chunks of flesh


   Skills:
 - Level 7.0 Fighting
 + Level 10.8 Short Blades
 + Level 10.1 Dodging
 + Level 12.1 Stealth
 - Level 5.4 Spellcasting
 - Level 2.0 Conjurations
 + Level 6.3 Hexes
 - Level 5.0 Ice Magic
 + Level 1.7 Invocations


You had 13 spell levels left.
You knew the following spells:

 Your Spells              Type           Power        Failure   Level  Hunger
a - Corona                Hex            ####...      1%          1    None
b - Ensorcelled Hibernat  Hex/Ice        ###...       1%          2    #......
c - Confuse               Hex            ####....     3%          3    ##.....
d - Throw Frost           Conj/Ice       ###...       4%          2    #......

Your spell library contained the following spells:

 Spells                   Type           Power        Failure   Level  Hunger
 Confusing Touch          Hex            ####..       1%          1    None
 Freeze                   Ice            ###.         1%          1    None
 Tukima's Dance           Hex            ####....     3%          3    ##.....
 Dazzling Spray           Conj/Hex       ###...       8%          3    ##.....
 Animate Skeleton         Necr           N/A          14%         1    None
 Apportation              Tloc           #.....       14%         1    None
 Summon Small Mammal      Summ           #...         14%         1    None
 Ozocubu's Armour         Chrm/Ice       ##......     14%         3    ##.....
 Throw Icicle             Conj/Ice       ###.....     32%         4    ####...
 Summon Ice Beast         Ice/Summ       ##......     43%         4    ####...


Dungeon Overview and Level Annotations

Branches:
Dungeon (9/15)             Temple (1/1) D:7            Lair (1/6) D:9
    Orc: D:9-12

Altars:
Cheibriados
Kikubaaqudgha
Makhleb
Okawaru
Ru
Sif Muna
Uskayaw
Zin
The Shining One

Annotations:
D:6 1 runed door, Unprinted's ghost, amateur OpSk


Innate Abilities, Weirdness & Mutations

You are small and have problems with some larger weapons.
You are carnivorous and can eat meat at any time.


Message History

Aim: a salamander, wielding a trident (chance to defeat MR: 36%)
The salamander easily resists.
Casting: Ensorcelled Hibernation (safe; 1% risk of failure)
Confirm with . or Enter, or press ? or * to list all spells.
Aiming: Ensorcelled Hibernation (safe; 1% risk of failure)
Press: ? - help, Shift-Dir - straight line, f/p - salamander
Aim: a salamander, wielding a trident (chance to defeat MR: 36%)
You miscast Ensorcelled Hibernation.
You are very lightly contaminated with residual magic.
Nothing appears to happen.
The salamander completely misses you.
Casting: Ensorcelled Hibernation (safe; 1% risk of failure)
Confirm with . or Enter, or press ? or * to list all spells.
Aiming: Ensorcelled Hibernation (safe; 1% risk of failure)
Press: ? - help, Shift-Dir - straight line, f/p - salamander
Aim: a salamander, wielding a trident (chance to defeat MR: 36%)
The salamander looks drowsy...
The salamander hits you with a trident.
* * * LOW HITPOINT WARNING * * *
You are engulfed in flames!
You die...

+.....+ #.≈§§≈§§≈ #.8_8.#
#§§≈≈≈§§≈ #.....# #.≈≈§≈≈§§ #'#
###.≈≈§≈§≈§ #.# ..#§§≈§≈≈≈≈ #)#
#§≈§≈≈§≈. #.# #.§§≈≈..≈ ≈ #N#
#.≈≈..≈≈≈ ≈§ #@# #...≈≈≈≈≈ §§≈§≈
#.# #.≈≈≈≈≈≈≈ ≈≈§≈§
######'########.≈≈≈≈≈≈§
≈§≈§§§§≈...§§.......§.)§.≈≈≈≈≈§≈≈
§≈§§≈§§§§≈§≈§≈≈≈≈≈§§§§≈§≈≈≈≈≈≈≈≈≈
§§§§≈≈≈§≈≈§§§§§§≈§§≈≈§§§§≈≈≈≈≈§≈≈
≈§≈§§§§§≈§§§§§§≈≈§§≈§≈≈≈≈≈≈≈≈≈§≈≈
≈≈§≈≈≈§≈≈≈≈≈≈≈§≈≈≈§≈§≈§§≈≈≈≈§§§≈≈
..§§§§≈≈≈≈≈≈≈≈≈≈≈≈≈§≈§≈≈≈≈≈≈≈§§§≈


You could see a salamander.

Vanquished Creatures
  Erolcha (D:9)
  A hydra (Lair:1)
  A two-headed ogre (D:9)
  A salamander mystic (Volcano)
  Pikel (D:8)
  2 salamanders (Volcano)
  3 komodo dragons (D:9)
  A troll (D:9)
  Prince Ribbit (D:6)
  Grinder (D:5)
  2 hippogriffs (D:8)
  A human (D:8)
  6 yaks
  A wyvern (D:9)
  A steam dragon (D:9)
  3 hogs (D:8)
  A fire bat (Volcano)
  A porcupine (Lair:1)
  2 orc warriors (D:6)
  An ice beast (D:9)
  2 black bears
  A necrophage (D:6)
  2 phantoms (D:8)
  6 ogres
  A centaur (D:8)
  2 crocodiles (D:9)
  2 big kobolds
  4 bullfrogs
  2 scorpions
  8 killer bees
  4 howler monkeys (D:7)
  4 lava snakes (Volcano)
  5 crimson imps
  A centaur zombie (D:8)
  6 hounds
  A quasit (D:6)
  6 orc priests
  3 jellies
  A bullfrog skeleton (D:4)
  A centaur skeleton (D:9)
  8 orc wizards
  4 worker ants
  A hound zombie (D:7)
  A worker ant zombie (D:8)
  3 howler monkey skeletons (D:7)
  10 adders
  3 shadow imps
  3 adder skeletons
  A worm (D:5)
  9 leopard geckos
  24 orcs
  3 ball pythons
  4 giant cockroaches
  4 goblins
  10 hobgoblins
  4 jackals
  3 quokkas
  6 bats
  4 frilled lizards
  9 kobolds
  A quokka skeleton (D:4)
  4 rats
213 creatures vanquished.

Vanquished Creatures (others)
  3 plants (Lair:1)
  2 withered plants (D:6)
5 creatures vanquished.

Grand Total: 218 creatures vanquished

Notes
Turn   | Place    | Note
-------+----------+-------------------------------------------
     0 | D:1      | colophon the Kobold Enchanter began the quest for the Orb.
     0 | D:1      | Reached XP level 1. HP: 10/10 MP: 3/3
   360 | D:1      | Reached XP level 2. HP: 9/16 MP: 3/5
   379 | D:1      | Learned a level 2 spell: Ensorcelled Hibernation
  1185 | D:1      | Reached skill level 1 in Fighting
  1185 | D:1      | Reached XP level 3. HP: 20/20 MP: 6/6
  1785 | D:2      | Reached XP level 4. HP: 25/25 MP: 7/7
  1898 | D:2      | You fall through a shaft!
  2274 | D:2      | Found a burning altar of Makhleb.
  2280 | D:2      | Reached XP level 5. HP: 23/30 MP: 1/8
  2288 | D:2      | Learned a level 3 spell: Confuse
  3530 | D:4      | Reached skill level 5 in Stealth
  3821 | D:4      | Reached XP level 6. HP: 36/36 MP: 6/9
  4403 | D:5      | Entered Level 5 of the Dungeon
  4470 | D:5      | Found a glowing silver altar of Zin.
  4483 | D:5      | Noticed an ogre
  4493 | D:5      | Killed an ogre
  4563 | D:5      | Noticed Grinder
  4580 | D:5      | Killed Grinder
  4580 | D:5      | Reached skill level 6 in Stealth
  4580 | D:5      | Reached skill level 1 in Ice Magic
  4580 | D:5      | Reached XP level 7. HP: 19/41 MP: 2/10
  5514 | D:5      | Reached XP level 8. HP: 42/48 MP: 6/11
  5622 | D:5      | Reached skill level 5 in Short Blades
  5622 | D:5      | Reached skill level 5 in Dodging
  6151 | D:6      | Found a runed door.
  6151 | D:6      | Noticed Unprinted's ghost (amateur OpSk)
  6168 | D:6      | Found a snail-covered altar of Cheibriados.
  6188 | D:6      | Noticed Prince Ribbit
  6230 | D:6      | Killed Prince Ribbit
  6230 | D:6      | Reached skill level 7 in Stealth
  6932 | D:6      | Reached XP level 9. HP: 16/53 MP: 2/13
  7158 | D:6      | Reached skill level 5 in Fighting
  7310 | D:7      | Found a glowing golden altar of the Shining One.
  7330 | D:7      | Reached skill level 8 in Stealth
  7869 | D:7      | Found a staircase to the Ecumenical Temple.
  7896 | Temple   | Entered the Ecumenical Temple
  7926 | Temple   | Became a worshipper of Warmaster Okawaru
  8137 | D:7      | Learned a level 2 spell: Throw Frost
  8174 | D:7      | Found an ancient bone altar of Kikubaaqudgha.
  8545 | D:8      | Noticed a hippogriff
  8570 | D:8      | Killed a hippogriff
  8570 | D:8      | Reached * piety under Okawaru
  8570 | D:8      | Reached skill level 5 in Hexes
  8622 | D:8      | Reached skill level 9 in Stealth
  9117 | D:8      | Reached XP level 10. HP: 55/59 MP: 16/16
 10117 | D:8      | Reached ** piety under Okawaru
 10129 | D:8      | Reached skill level 10 in Stealth
 10495 | D:9      | Reached *** piety under Okawaru
 10596 | D:9      | Reached XP level 11. HP: 66/66 MP: 17/17
 10650 | D:9      | Reached **** piety under Okawaru
 10694 | D:9      | Noticed Erolcha
 10702 | D:9      | Killed Erolcha
 10702 | D:9      | Reached skill level 11 in Stealth
 10744 | D:9      | Noticed a two-headed ogre
 11012 | D:9      | Reached skill level 5 in Spellcasting
 11144 | D:9      | Killed a two-headed ogre
 11144 | D:9      | Reached skill level 10 in Short Blades
 11144 | D:9      | Reached skill level 5 in Ice Magic
 11200 | D:9      | Found a staircase to the Lair.
 11394 | D:9      | Noticed Pikel
 11418 | D:8      | Killed Pikel
 11418 | D:8      | Reached ***** piety under Okawaru
 11418 | D:8      | Reached skill level 1 in Conjurations
 11643 | Lair:1   | Entered Level 1 of the Lair of Beasts
 11643 | Lair:1   | Noticed an eight-headed hydra
 11720 | Lair:1   | Killed an eight-headed hydra
 11720 | Lair:1   | Received a gift from Okawaru
 11737 | Lair:1   | Found a dark tunnel.
 11747 | Volcano  | Entered a volcano
 12162 | Volcano  | Found a bloodstained altar of Trog.
 12162 | Volcano  | Noticed a salamander
 12162 | Volcano  | Noticed a salamander mystic
 12162 | Volcano  | Noticed a salamander
 12162 | Volcano  | Noticed a salamander
 12172 | Volcano  | HP: 1/67 [salamander mystic/bolt of magma (22)]
 12186 | Volcano  | Killed a salamander mystic
 12186 | Volcano  | Reached skill level 10 in Dodging
 12186 | Volcano  | Reached skill level 1 in Invocations
 12195 | Volcano  | HP: 2/67 [salamander/halberd (13)]
 12203 | Volcano  | Killed a salamander
 12203 | Volcano  | Reached skill level 12 in Stealth
 12203 | Volcano  | Reached XP level 12. HP: 42/72 MP: 13/20
 12313 | Volcano  | Mangled by a salamander

Skill      XL: |  1  2  3  4  5  6  7  8  9 10 11 |
---------------+----------------------------------+-----
Short Blades   | 2 3 4 6 7 9 10 | 10.8
Fighting       | 1 2 3 4 5 6 7 |  7.0
Dodging        | 3 4 6 7 8 10 | 10.1
Stealth        | 5 6 7 9 10 12 | 12.1
Hexes          | 4 5 6 |  6.3
Ice Magic      | 1 2 3 4 5 |  5.0
Spellcasting   | 3 4 5 |  5.4
Conjurations   | 2 |  2.0
Invocations    | 1 |  1.7

Action                   |  1- 3 |  4- 6 |  7- 9 | 10-12 || total
-------------------------+-------+-------+-------+-------++-------
Melee: Dagger            |   115 |    77 |   155 |    98 ||   445
 Cast: Corona            |     8 |       |     2 |       ||    10
       Ensorcelled Hiber |    18 |    22 |   120 |   121 ||   281
       Confuse           |       |     7 |     7 |     8 ||    22
  Use: Scroll            |       |     6 |     4 |     3 ||    13
       Potion            |       |       |       |     5 ||     5
 Stab: Sleeping          |    17 |    31 |    65 |    65 ||   178
       Confused          |       |     4 |     5 |     5 ||    14
       Distracted        |       |       |     1 |       ||     1
  Eat: Chunk             |    12 |    11 |    21 |    13 ||    57
Armor: Robe              |    24 |     9 |    12 |    12 ||    57
Dodge: Dodged            |    97 |    54 |   136 |   132 ||   419
